 Dungeon Crawl Stone Soup version 0.21.1-1-g345015f (webtiles) character file.

1241 inc the Blocker (level 8, -4/58 HPs)
             Began as an Octopode Fighter on June 15, 2018.
             Was a Follower of Cheibriados.
             Killed by divine providence
             ... invoked by an orc priest
              (14 damage)
             ... on level 6 of the Dungeon.
             The game lasted 00:06:42 (6143 turns).

inc the Blocker (Octopode Fighter)                  Turns: 6143, Time: 00:06:42

Health: -4/58      AC:  1    Str: 24    XL:     8   Next: 49%
Magic:  8/8        EV: 13    Int: 13    God:    Cheibriados [*.....]
Gold:   245        SH: 12    Dex: 15    Spells: 7/7 levels left

rFire    . . .     SeeInvis .     - Unarmed
rCold    . . .     Gourm    .   a - +0 shield
rNeg     . . .     Faith    .   (helmet restricted)
rPois    .         Spirit   .   (no amulet)
rElec    .         Reflect  .   n - +2 ring of strength
rCorr    .         Harm     .   (no ring)
MR       .....                  (no ring)
Stlth    ++........             (no ring)
HPRegen  0.19/turn              (no ring)
MPRegen  0.11/turn              (no ring)
                                (no ring)
                                (no ring)

@: mighty, very slow
A: almost no armour, stealthy swim, amphibious, 8 rings, constrict 8, camouflage
1, gelatinous body 1
a: Bend Time, Renounce Religion


You were on level 6 of the Dungeon.
You worshipped Cheibriados.
Cheibriados was aware of your devotion.
You were not hungry.

You visited 2 branches of the dungeon, and saw 7 of its levels.

You collected 245 gold pieces.

Inventory:

Armour
 a - a +0 shield (worn)
Magical Staves
 v - an uncursed staff of earth
Jewellery
 i - an uncursed ring of teleportation
 k - an uncursed ring of fire
 n - a +2 ring of strength (left tentacle)
Scrolls
 e - a scroll of random uselessness {unknown}
 f - 2 scrolls of enchant armour {unknown}
 g - 3 scrolls of remove curse
 h - 3 scrolls of teleportation {unknown}
 j - 2 scrolls of identify {unknown}
 l - 2 scrolls of fear {unknown}
 m - 4 scrolls of magic mapping {unknown}
 q - a scroll of immolation {unknown}
 r - 2 scrolls of amnesia {unknown}
 u - 2 scrolls of enchant weapon
Potions
 b - a potion of resistance {unknown}
 d - a potion of mutation {unknown}
 o - a potion of degeneration {unknown}
 s - 2 potions of flight {unknown}
 w - a potion of haste {unknown}
Comestibles
 c - 13 rations
 x - 6 chunks of flesh


   Skills:
 + Level 6.8 Fighting
 - Level 3.0 Dodging
 - Level 8.0 Shields
 + Level 3.2 Unarmed Combat


You had 7 spell levels left.
You didn't know any spells.

Dungeon Overview and Level Annotations

Branches:
Dungeon (6/15)             Temple (1/1) D:4

Altars:
Ashenzari
Cheibriados
Dithmenos
Elyvilon
Fedhas
Hepliaklqana
Kikubaaqudgha
Makhleb
Okawaru
Ru
Uskayaw
Vehumet
Wu Jian
Xom
Yredelemnul
Zin
The Shining One


Innate Abilities, Weirdness & Mutations

You cannot wear most types of armour.
You are very stealthy in the water. (Stealth+)
You are amphibious.
You can wear up to eight rings at the same time.
You can use your tentacles to constrict eight enemies at once.
Your skin changes colour to match your surroundings (Stealth+).
Your rubbery body absorbs attacks. (AC +1, EV +1)


Message History

You tentacle-slap something. You squeeze something. Something hits you.
You tentacle-slap something but do no damage.
You tentacle-slap something. You squeeze something. Something hits you.
You miss something. Your squeeze misses something.
You hear some strange, mumbled words.
A magic dart appears from out of thin air!
The magic dart hits you!
* * * LOW HITPOINT WARNING * * *
You closely miss something. Something hits you.
* * * LOW HITPOINT WARNING * * *
You feel better.
You hear some strange, mumbled words.
A puff of flame appears from out of thin air!
The puff of flame hits you!
* * * LOW HITPOINT WARNING * * *
You feel very mighty all of a sudden. You block something's attack.
The orc priest invokes the aid of Beogh against you.
Beogh smites you!
You die... ..o . ##### #. .oo

.# #.... #. #.##. #.###
.####. #... # ......##.F#
# ..........#.# #
............# ######
####...##############.....
#.#.o{@...)........####
#...################ #####


You could see an orc priest.

Vanquished Creatures
  Sigmund (D:2)
  Eustachio (D:5)
  2 orc warriors
  An ice beast (D:6)
  A bullfrog (D:6)
  A crimson imp (D:5)
  A jelly (D:5)
  3 orc priests (D:4)
  A hound (D:5)
  2 orc wizards
  An iguana (D:4)
  Terence (D:2)
  4 worker ants
  A hound skeleton (D:3)
  3 gnolls (D:3)
  5 adders
  A shadow imp (D:6)
  An ooze (D:3)
  An adder skeleton (D:5)
  4 worms
  A dart slug (D:5)
  8 leopard geckos
  9 orcs
  4 giant cockroaches
  11 goblins
  10 hobgoblins
  3 jackals (D:2)
  3 kobolds (D:1)
  2 quokkas
  A ball python (D:3)
  8 bats
  13 frilled lizards
  A quokka zombie (D:5)
  6 rats
116 creatures vanquished.

Notes
Turn   | Place    | Note
-------+----------+-------------------------------------------
     0 | D:1      | inc the Octopode Fighter began the quest for the Orb.
     0 | D:1      | Reached XP level 1. HP: 16/16 MP: 1/1
   140 | D:1      | Reached XP level 2. HP: 21/21 MP: 2/2
   358 | D:1      | Reached skill level 4 in Shields
   727 | D:1      | Reached XP level 3. HP: 24/26 MP: 3/3
   942 | D:2      | Noticed Sigmund
   953 | D:2      | Noticed Terence
   963 | D:2      | Killed Sigmund
   963 | D:2      | Reached skill level 6 in Shields
   963 | D:2      | Reached XP level 4. HP: 4/31 MP: 4/4
   963 | D:2      | Reached XP level 5. HP: 5/36 MP: 5/5
   967 | D:2      | Killed Terence
   967 | D:2      | Reached XP level 6. HP: 7/42 MP: 6/6
  2008 | D:3      | Found a blossoming altar of Fedhas.
  2075 | D:3      | Reached skill level 7 in Shields
  3143 | D:4      | Reached XP level 7. HP: 11/46 MP: 7/7
  3414 | D:4      | Reached skill level 8 in Shields
  3775 | D:4      | Found a staircase to the Ecumenical Temple.
  3829 | D:4      | Found a hazy altar of Hepliaklqana.
  3832 | D:4      | Found a basalt altar of Yredelemnul.
  3835 | D:4      | Found a shadowy altar of Dithmenos.
  3866 | Temple   | Entered the Ecumenical Temple
  3921 | Temple   | Became a worshipper of Cheibriados the Contemplative
  4405 | D:4      | Found a sacrificial altar of Ru.
  4514 | D:5      | Entered Level 5 of the Dungeon
  5156 | D:5      | Found a glowing golden altar of the Shining One.
  5156 | D:5      | Found a white marble altar of Elyvilon.
  5157 | D:5      | Found a glowing silver altar of Zin.
  5225 | D:5      | Noticed Eustachio
  5245 | D:5      | Reached skill level 5 in Fighting
  5245 | D:5      | Reached XP level 8. HP: 27/56 MP: 8/8
  5246 | D:5      | Reached * piety under Cheibriados
  5264 | D:5      | Killed Eustachio
  6143 | D:6      | Killed from afar by an orc priest

Skill      XL: |  1  2  3  4  5  6  7  8 |
---------------+-------------------------+-----
Shields        | 4 6 7 8 |  8.0
Fighting       | 5 6 |  6.8
Unarmed Combat | 3 |  3.2
Dodging        | |  3.0

Action                   |  1- 3 |  4- 6 |  7- 9 || total
-------------------------+-------+-------+-------++-------
Melee: Unarmed           |    76 |   109 |   161 ||   346
       Constrict         |    18 |    40 |    31 ||    89
       Tentacles         |    14 |    28 |    45 ||    87
       Punch             |       |     3 |     7 ||    10
  Use: Potion            |     2 |     1 |     5 ||     8
       Scroll            |     2 |       |       ||     2
 Stab: Sleeping          |     2 |     7 |     4 ||    13
  Eat: Chunk             |       |     7 |     9 ||    16
Armor: Skin              |    11 |    13 |     2 ||    26
Dodge: Dodged            |    27 |    39 |    53 ||   119
Block: Shield            |    40 |    56 |    58 ||   154
